AoeStats
← Un gatito que le gusta el manbo

Pilgrims

508981547Analyzed
4v4 RM · 7d ago on Sep 24, 2026· 43m 30s· 8 players
Game mode
Random Map
Map size
Large (8 player)
Population
200
Speed
Normal
Resources
Standard
Victory
Conquest
Starting age
Dark Age
Ending age
Imperial Age
RankedLock teamsTeams togetherTeam positionsShared explorationLock speedFull tech treeHidden civsTurbo modeCheats
Victory
Defeat
🇺🇸 Saxons · United States
1335
+10
🇬🇧 Varangians · United Kingdom
1278
+12
🇦🇺 Danes · Australia
1189
+16
🇺🇸 Cumans · United States
939
+25
1327
-22
🇦🇷 Malians · Argentina
1207
-17
🇲🇽 Dravidians · Mexico
1163
-15
🇦🇷 Persians · Argentina
1019
-9
Un gatito que le gusta el manbo
9:40 Feudal Age
7:57 Loom
9:43 Feudal Age
14:16 Castle Age
15:29 Double-Bit Axe
18:08 Town Watch
18:46 Horse Collar
34:02 Imperial Age
33:15 Padded Archer Armor
40:22 Leather Archer Armor
OG Bloody2
7:16 Loom
10:47 Feudal Age
LA LA LA
11:00 Feudal Age
11:37 Loom
15:17 Castle Age
13:42 Double-Bit Axe
16:23 Scale Mail Armor
17:02 Forging
17:23 Bow Saw
18:00 Wheelbarrow
22:06 Fletching
22:21 Arson
26:09 Squires
27:14 Horse Collar
32:07 Iron Casting
34:08 Chain Mail Armor
39:06 Imperial Age
37:18 Heavy Plow
39:05 Bodkin Arrow
41:06 Conscription
40:41 Town Watch
41:27 Plate Mail Armor
GDN_dgascogne
8:46 Loom
11:45 Feudal Age
20:47 Double-Bit Axe
22:08 Padded Archer Armor
26:06 Castle Age
25:13 Bloodlines
25:14 Scale Barding Armor
27:28 Fletching
36:56 Horse Collar
37:12 Crossbowman
38:49 Ballistics
Renard
4:24 Loom
11:35 Feudal Age
12:09 Double-Bit Axe
12:15 Fishing Lines
15:39 Castle Age
13:59 Scale Mail Armor
16:40 Forging
16:37 Squires
16:23 Arson
16:54 Bow Saw
18:13 Chain Mail Armor
26:26 Gold Mining
26:27 Stone Mining
27:01 Town Watch
28:29 Wheelbarrow
34:47 Imperial Age
32:58 Stone Mining
36:07 Murder Holes
36:33 Ballistics
39:41 Fletching
39:33 Pikeman
40:49 Plate Mail Armor
41:23 Bodkin Arrow
42:24 Iron Casting
PacAttack
14:55 Feudal Age
13:14 Loom
25:39 Gold Mining
25:37 Double-Bit Axe
29:00 Castle Age
32:14 Crossbowman
34:18 Town Watch
36:01 Thumb Ring
36:16 Thumb Ring
37:13 Wheelbarrow
38:10 Padded Archer Armor
38:42 Hand Cart
Glynfidditch
3:54 Loom
10:44 Feudal Age
11:19 Double-Bit Axe
14:04 Fletching
18:32 Castle Age
16:38 Fishing Lines
18:36 Stone Mining
19:34 Bodkin Arrow
20:49 Bow Saw
29:09 Imperial Age
28:19 Ballistics
28:13 Clinker Construction
29:29 Husbandry
29:40 Bloodlines
31:47 Conscription
34:14 Scale Barding Armor
34:19 Forging
36:12 Chain Barding Armor
37:40 Carvel Hull
39:32 Elite Jarl
44:30 Plate Barding Armor
44:31 Iron Casting
Farmer Tunn
5:27 Loom
12:03 Feudal Age
18:50 Castle Age
17:42 Double-Bit Axe
20:16 Fishing Lines
20:18 Man-at-Arms
21:10 Scale Mail Armor
21:49 Bow Saw
24:30 Wheelbarrow
23:44 Town Watch
30:34 Gillnets
33:57 Gold Mining
34:44 Squires
35:41 Gambesons
35:42 Arson
42:03 Imperial Age
41:35 Hand Cart
41:44 Arson
Connection lost

Rejoining the realm…

Still unreachable

The connection could not be restored.

Session expired

The server has moved on; the page needs a fresh start.